 Dungeon Crawl Stone Soup version 0.27-a0-512-g57cc695410 (webtiles) character file.

Game seed: 17921727894324514270

3113 kae the Cleaver (level 9, -2/126 HPs)
             Began as a Hill Orc Fighter on Mar 3, 2021.
             Was a Believer of Makhleb.
             Slain by a centaur (4 damage)
             ... on level 7 of the Dungeon.
             The game lasted 00:05:08 (9720 turns).

kae the Cleaver (Hill Orc Fighter)                  Turns: 9720, Time: 00:05:08

Health: -2/126     AC: 24    Str: 22    XL:     9   Next: 91%
Magic:  13/13      EV:  2    Int:  8    God:    Makhleb [**....]
Gold:   356        SH:  9    Dex: 10    Spells: 8/8 levels left

rFire    . . .     SeeInvis .   a - +1 war axe
rCold    . . .     Faith    .   c - +0 kite shield
rNeg     + + +     Spirit   .   (armour currently unavailable)
rPois    +         Reflect  .   (helmet currently unavailable)
rElec    .         Harm     .   (cloak currently unavailable)
rCorr    .         Rampage  .   (gloves currently unavailable)
Will     .....     NoTele   +   (boots currently unavailable)
Stlth    +.........             (no amulet)
HPRegen  0.31/turn              (no ring)
MPRegen  0.13/turn              (no ring)

@: tree-form
A: no striking features
a: Renounce Religion, Minor Destruction


You were on level 7 of the Dungeon.
You worshipped Makhleb.
Makhleb was pleased with you.
You were a tree.
You visited 2 branches of the dungeon, and saw 8 of its levels.
You also visited: Sewer.

You collected 356 gold pieces.

Inventory:

Hand Weapons
 a - a +1 war axe (weapon)
Armour
 b - a +0 scale mail (melded)
 c - a +0 kite shield (worn)
 p - a +2 helmet (melded)
Jewellery
 g - a +6 ring of dexterity
 m - a ring of fire
 o - a ring of protection from fire
Wands
 d - a wand of flame (26)
 h - a wand of acid (9)
 v - a wand of iceblast (2)
Scrolls
 e - 4 scrolls of identify
 f - 4 scrolls of teleportation
 j - 2 scrolls of fear
 k - 4 scrolls of fog
 q - a scroll of blinking
 u - 2 scrolls of magic mapping
Potions
 i - a potion of curing
 l - a potion of lignification
 n - 4 potions of magic
 s - a potion of degeneration
 t - a potion of brilliance


   Skills:
 + Level 9.4 Fighting
 * Level 13.1 Axes
 - Level 3.2 Armour
 - Level 3.2 Shields
 + Level 6.4 Invocations


You had 8 spell levels left.
You didn't know any spells.
Your spell library was empty.

Dungeon Overview and Level Annotations

Branches:
Dungeon (7/15)             Temple (1/1) D:6           Sewer (visited)

Altars:
Ashenzari
Cheibriados
Dithmenos
Elyvilon
Gozag
Hepliaklqana
Kikubaaqudgha
Makhleb
Okawaru
Ru
Trog
Uskayaw
Vehumet
Wu Jian
Yredelemnul
Zin
The Shining One

Shops:
D:4 [   D:7 !

Annotations:
D:5 3 runed translucent doors, exclusion: statue, p0werm0de's ghost, novice GrFi


Message History

You slash the orc warrior!
The orc warrior is almost dead.
You barely miss the orc warrior.
The orc warrior is almost dead.
The orc warrior hits you with a +0 scimitar!
* * * LOW HITPOINT WARNING * * *
You slash the orc warrior!
You kill the orc warrior!
Makhleb accepts your kill.
The centaur shoots an arrow.
You block the arrow.
The centaur shoots an arrow.
The arrow closely misses you. You block the orc's attack.
The centaur unwields a +0 shortbow of freezing.
The centaur hits you but does no damage.
Things that are here:
a +0 scimitar; a +0 chain mail; an orc corpse Really quaff the potion of lignification?
You turn into a tree.
Your +2 helmet melds into your body.
Your +0 scale mail melds into your body.
Your roots penetrate the ground.
The centaur hits you but does no damage.
The orc barely misses you.
You barely miss the centaur. You block the centaur's attack.
The orc hits you but does no damage.
The centaur hits you but does no damage.
You slash the centaur!
The centaur is severely wounded.
The centaur hits you but does no damage.
The orc hits you but does no damage. You block the centaur's attack.
You slash the centaur!
The centaur is almost dead.
The centaur hits you.
* * * LOW HITPOINT WARNING * * *
The orc hits you from afar with a +0 trident.
* * * LOW HITPOINT WARNING * * *
You barely miss the centaur.
The centaur is almost dead.
The centaur hits you but does no damage.
You block the orc's attack. The centaur hits you.
You die...

### #.# #.#####
#.############......
#.................#
####.############.##.#
..#.##......####.##.# ###
#.#.##.# #.......##.#
.....#.#o##.###..#######.##
#...>.)..oc♣..).............
#.....#.####.###..####......
#.....#.# ##.###..# #......
#.... #.# #.......# #......
#.... #c# #######.# #......
∩.o. ... #.# #...... ....
#.. #.# #...... #. .#
#######


You could see a centaur and 2 orcs.

Vanquished Creatures
  A hornet (D:7)
  Sigmund (D:3)
  2 steam dragons (D:6)
  Edmund (D:6)
  An orc warrior (D:7)
  An ice beast (D:5)
  3 ogres
  3 centaurs
  A phantom (D:6)
  A kobold brigand (D:3)
  Blork the orc (D:6)
  4 bullfrogs
  5 scorpions
  3 wights (D:6)
  A jelly (D:7)
  A howler monkey (D:7)
  A quasit (D:6)
  3 hounds
  5 orc priests
  A bullfrog skeleton (D:4)
  Terence (D:2)
  4 orc wizards
  3 worker ants
  2 worker ant zombies
  4 gnolls (D:6)
  5 adders
  4 river rats (Sewer)
  A shadow imp (D:7)
  An adder zombie (D:6)
  6 worms
  2 dart slugs (D:1)
  4 leopard geckos
  25 orcs
  9 bats
  2 giant cockroaches
  5 goblins
  5 hobgoblins
  11 jackals
  3 quokkas
  6 ball pythons
  12 frilled lizards
  13 kobolds
  13 rats
181 creatures vanquished.

Vanquished Creatures (others)
  6 fungi (D:6)
6 creatures vanquished.

Grand Total: 187 creatures vanquished

Notes
Turn   | Place    | Note
-------+----------+-------------------------------------------
     0 | D:1      | kae the Hill Orc Fighter began the quest for the Orb.
     0 | D:1      | Reached XP level 1. HP: 19/19 MP: 1/1
    30 | D:1      | Reached skill level 3 in Axes
   163 | D:1      | Reached XP level 2. HP: 7/27 MP: 2/2
   809 | D:1      | Reached skill level 4 in Axes
   809 | D:1      | Reached XP level 3. HP: 32/33 MP: 3/3
  1299 | D:2      | Noticed Terence
  1305 | D:2      | Killed Terence
  1310 | D:2      | Reached XP level 4. HP: 35/41 MP: 4/4
  1848 | D:2      | Reached skill level 5 in Axes
  2317 | D:3      | Found a broken altar of Ashenzari.
  2708 | D:3      | Found a sacrificial altar of Ru.
  3027 | D:3      | Noticed Sigmund
  3030 | D:3      | Noticed a kobold brigand
  3213 | D:3      | Killed a kobold brigand
  3214 | D:3      | Reached skill level 5 in Fighting
  3214 | D:3      | Reached skill level 6 in Axes
  3214 | D:3      | Reached XP level 5. HP: 40/48 MP: 5/5
  3227 | D:3      | Killed Sigmund
  3228 | D:3      | Reached skill level 7 in Axes
  3228 | D:3      | Reached XP level 6. HP: 17/57 MP: 6/6
  3901 | D:4      | Reached skill level 8 in Axes
  3901 | D:4      | Reached XP level 7. HP: 63/63 MP: 7/7
  4488 | D:4      | Found Ubboita's Armour Emporium.
  4888 | D:5      | Entered Level 5 of the Dungeon
  4977 | D:5      | Reached skill level 9 in Axes
  5177 | D:5      | Found a radiant altar of Vehumet.
  5610 | D:5      | Found a runed translucent gate.
  5610 | D:5      | Found a runed translucent gate.
  5610 | D:5      | Found a runed translucent gate.
  5610 | D:5      | Noticed p0werm0de's ghost (novice GrFi)
  5758 | D:5      | Reached XP level 8. HP: 73/73 MP: 8/8
  6018 | D:6      | Found a burning altar of Makhleb.
  6039 | D:6      | Became a worshipper of Makhleb the Destroyer
  6107 | D:6      | Found an ornate altar of the Wu Jian Council.
  6115 | D:6      | Found a bloodstained altar of Trog.
  6117 | D:6      | Found a glowing silver altar of Zin.
  6117 | D:6      | Found a basalt altar of Yredelemnul.
  6117 | D:6      | Noticed Edmund
  6118 | D:6      | Found a hazy altar of Hepliaklqana.
  6153 | D:6      | Killed Edmund
  6154 | D:6      | Reached skill level 10 in Axes
  6154 | D:6      | Reached skill level 1 in Invocations
  6479 | D:6      | Found a glowing drain.
  6489 | Sewer    | Entered a sewer
  6886 | Sewer    | Reached * piety under Makhleb
  7411 | D:6      | Reached skill level 11 in Axes
  7586 | D:6      | Reached XP level 9. HP: 71/81 MP: 12/12
  7965 | D:6      | Noticed Blork the orc
  7971 | D:6      | Killed Blork the orc
  8034 | D:6      | Found a staircase to the Ecumenical Temple.
  8042 | Temple   | Entered the Ecumenical Temple
  8199 | D:6      | Reached skill level 12 in Axes
  8199 | D:6      | Reached skill level 5 in Invocations
  8957 | D:7      | Reached ** piety under Makhleb
  9640 | D:7      | Noticed a hornet
  9646 | D:7      | Killed a hornet
  9690 | D:7      | Found Ojifunud's Distillery.
  9694 | D:7      | Reached skill level 13 in Axes
  9705 | D:7      | HP: 4/83 [orc warrior/+0 scimitar (9)]
  9713 | D:7      | HP: 2/83 [orc warrior/+0 scimitar (14)]
  9719 | D:7      | HP: 3/126 [centaur (3)]
  9720 | D:7      | Slain by a centaur

Illustrated notes

Levels and vault maps discovered:
D:1:      minmay_arrival_cross, layout_basic
D:2:      layout_rooms, uniq_terence
D:3:      cheibrodos_thug_alley, layout_loops_corners,
          nicolae_ru_sacrificial_ziggurat, old_standard_altar, uniq_sigmund
D:4:      layout_loops_cross, serial_shops, nicolae_shop_waterfront
D:5:      layout_cave_pods, vehumet_statue, gammafunk_ghost_necromancy
D:6:      kennysheep_steamy, layout_loops_cross, grunt_temple_overflow_open,
          lemuel_round_altar, nzn_wu_jian_contemplation, temple_green,
          gup_sewer_entry_bubbles, minmay_diced_spiral, uniq_blork_the_orc,
          uniq_edmund
D:7:      layout_basic, serial_shops, shop
Temple:   compressed_dpeg_triangle_lava_temple

Skill      XL: |  1  2  3  4  5  6  7  8  9 |
---------------+----------------------------+-----
Axes           | 3 4 6 7 8 9 11 13 | 13.1
Fighting       | 4 5 6 7 8 9 |  9.4
Invocations    | 4 6 |  6.4
Armour         | |  3.2
Shields        | |  3.2

Action                   |  1- 3 |  4- 6 |  7- 9 || total
-------------------------+-------+-------+-------++-------
Melee: War axe           |    73 |   153 |   450 ||   676
Invok: Minor Destruction |       |       |     1 ||     1
Evoke: Wand              |       |       |     4 ||     4
  Use: Scroll            |       |     7 |     9 ||    16
       Potion            |       |     1 |     5 ||     6
Armor: Scale mail        |    32 |    68 |   179 ||   279
       Skin              |       |       |     6 ||     6
Dodge: Dodged            |    25 |    51 |   117 ||   193
Block: Kite shield       |    38 |    80 |   197 ||   315

Table legend: (Time is in decaauts)
 A = Elapsed time spent in this place.
 B = Non-inter-level travel time spent in this place.
 C = Inter-level travel time spent in this place.
 D = Time resting spent in this place.
 E = Time spent auto-exploring this place.
 F = Levels seen in this place.
 G = Mean time per level.
                   A        B        C        D        E       F      G
               +--------+--------+--------+--------+--------+-----+--------+
         Total |   9996 |   9748 |    248 |    764 |   7497 |   9 | 1110.7 |
       Dungeon |   9334 |   9093 |    241 |    764 |   6969 |   7 | 1333.4 |
        Temple |     70 |     63 |      7 |      0 |     63 |   1 |   70.0 |
         Sewer |    591 |    591 |      0 |      0 |    464 |   1 |  591.0 |
               +--------+--------+--------+--------+--------+-----+--------+

Top non-repeatable levels by time:
     D:3: 1793 daAuts
     D:6: 1703 daAuts
     D:5: 1439 daAuts
     D:1: 1195 daAuts
     D:7: 1162 daAuts
     D:2: 1082 daAuts
     D:4: 959 daAuts
   Sewer: 591 daAuts
  Temple: 70 daAuts
